cohdb
Replays
Latest Replays
All Replays
Popular Replays
Top Player Replays
Match Explorer
How It Works
Community
CoH3 Stats
Reddit
Sign in to upload your games and track your stats! →
Sign in with Steam
Match 41314607
Unlisted
Match 41314607
Overview
Messages
Build Orders
End
Construct Section Command Post
Selects Air and Sea Battlegroup
Infantry Section
Infantry Section
Infantry Section
Grenade Package
Construct Platoon Command Post
Selects Commando Section Paradrop
Selects Commando Support Section Paradrop
Commando Support Section Paradrop
Infantry Training
CMP 15cwt Truck
Selects Supply Surplus
Construct Field Infirmary
Construct Resource Cache
Forward Retreat Point
Construct Company Command Post
Construct Resource Cache
Unlock M3 Grant Medium Tanks
Construct Resource Cache
Construct Resource Cache
M3 Grant Medium Tank
Belfegor ๏̯͡๏
MY:OATZ
ixo4567
Clara
Wywtigerking
Hevsik
Nuts
Sharpshoe
0
0
Comments
sign in to comment!
No comments posted yet!